 Dungeon Crawl Stone Soup version 0.29.1-15-g9cfb28693d (webtiles) character file.

Game seed: 15733081820954644443

3558 Arctor the Thaumaturge (level 9, -2/52 HPs)
             Began as a Deep Elf Fire Elementalist on Mar 3, 2023.
             Was an Initiate of Sif Muna.
             Slain by an orc warrior
             ... wielding a +0 broad axe
              (9 damage)
             ... on level 9 of the Dungeon.
             The game lasted 00:18:45 (9990 turns).

Arctor the Thaumaturge (Deep Elf Fire Elementalist) Turns: 9990, Time: 00:18:46

Health: -2/52      AC: 10    Str:  5    XL:     9   Next: 83%
Magic:  11/23      EV: 15    Int: 31    God:    Sif Muna [......]
Gold:   479        SH:  5    Dex: 15    Spells: 14/24 levels left

rFire   . . .      SeeInvis .   B - +5 trident (venom)
rCold   . . .      Faith    .   D - orb {light}
rNeg    . . .      Spirit   .   a - +1 robe
rPois   .          Reflect  +   K - +0 helmet
rElec   .          Harm     .   (no cloak)
rCorr   .          Rampage  .   (no gloves)
Will    .....                   E - +1 pair of boots
Stlth   ++........              x - amulet of reflection
HPRegen 0.17/turn               u - +6 ring of intelligence
MPRegen 0.18/turn               w - +4 ring of protection

@: glowing
A: no striking features
a: Renounce Religion


You were on level 9 of the Dungeon.
You worshipped Sif Muna.
Sif Muna was noncommittal.
You visited 2 branches of the dungeon, and saw 10 of its levels.

You collected 479 gold pieces.

Inventory:

Hand Weapons
 y - a +2 scythe of protection
 B - a +5 trident of venom (weapon)
Armour
 a - a +1 robe (worn)
 z - a scarf of resistance
 D - an orb of light (worn)
 E - a +1 pair of boots (worn)
 F - an orb of mayhem
 K - a +0 helmet (worn)
 M - a +0 pair of gloves
Magical Staves
 g - a staff of air
Jewellery
 i - an amulet of the acrobat
 u - a +6 ring of intelligence (left hand)
 w - a +4 ring of protection (right hand)
 x - an amulet of reflection (around neck)
 G - an amulet of guardian spirit
Wands
 j - a wand of mindburst (6)
 A - a wand of quicksilver (10)
Scrolls
 d - 2 scrolls of poison
 e - 4 scrolls of enchant armour
 f - 2 scrolls of amnesia
 h - 3 scrolls of teleportation
 k - 2 scrolls of brand weapon
 n - a scroll of fog
 s - 3 scrolls of immolation
 v - a scroll of blinking
 C - 2 scrolls of noise
 L - a scroll of fear
Potions
 b - 4 potions of magic
 c - 2 potions of resistance
 l - a potion of haste {unknown}
 m - 2 potions of flight {unknown}
 o - 2 potions of heal wounds {unknown}
 p - a potion of degeneration {unknown}
 q - 3 potions of mutation {unknown}
 r - 3 potions of brilliance {unknown}
 t - 2 potions of invisibility {unknown}
 H - a potion of lignification {unknown}
 I - a potion of ambrosia {unknown}
 J - 2 potions of curing {unknown}


   Skills:
 + Level 4.6 Fighting
 + Level 7.2 Dodging
 + Level 8.0 Stealth
 + Level 8.1 Spellcasting
 + Level 6.2 Conjurations
 + Level 7.1 Fire Magic


You had 14 spell levels left.
You knew the following spells:

 Your Spells              Type           Power      Damage    Failure   Level
a - Foxfire               Conj/Fire      100%       2x1d9     1%          1
b - Scorch                Fire           100%       2d10      1%          2
c - Conjure Flame         Conj/Fire      53%        6-21      1%          3
d - Flame Wave            Conj/Fire      53%        2d13      2%          4

Your spell library contained the following spells:

 Spells                   Type           Power      Damage    Failure   Level
 Magic Dart               Conj           100%       1d8       1%          1
 Searing Ray              Conj           100%       2d8       1%          2
 Inner Flame              Hex/Fire       34%        N/A       2%          3
 Freeze                   Ice            48%        1d7       4%          1
 Slow                     Hex            48%        N/A       4%          1
 Fulminant Prism          Conj/Hex       16%        3d11      11%         4
 Hailstorm                Conj/Ice       32%        3d8       11%         4
 Confusing Touch          Hex            12%        N/A       12%         3
 Frozen Ramparts          Ice            24%        1d4       12%         3
 Vampiric Draining        Necr           12%        2d6       12%         3
 Summon Forest            Summ/Tloc      6%         N/A       73%         5
 Eringya's Noxious Bog    Tmut/Pois      6%         N/A       99%         6
 Summon Hydra             Summ           6%         N/A       100%        7


Dungeon Overview and Level Annotations

Branches:
Dungeon (9/15)             Temple (1/1) D:4
   Lair: D:8-11         Orc: D:9-12

Altars:
Cheibriados
Dithmenos
Elyvilon
Fedhas
Gozag
Hepliaklqana
Makhleb
Okawaru
Ru
Sif Muna
Trog
Vehumet
Wu Jian
Xom
Yredelemnul
The Shining One

Shops:
D:4 ?   D:9 !

Annotations:
D:7 2 transporters, Grum; mikeweasel's ghost, novice HOMo


Message History

You kill the orc priest!
Sif Muna accepts your kill.
The orc priest invokes the aid of Beogh against you.
Beogh smites you!
Your Stealth skill increases to level 8!
Unknown command.
Unknown command.
Casting: Foxfire (safe; 1% risk of failure)
Confirm with . or Enter, or press ? or * to list all spells.
Flames lash the orc priest.
You kill the orc priest!
Sif Muna accepts your kill.
The foxfire hits the orc warrior but does no damage.
The orc warrior is lightly wounded.
The foxfire hits the orc warrior.
The orc warrior is moderately wounded.
Casting: Scorch (safe; 1% risk of failure)
Confirm with . or Enter, or press ? or * to list all spells.
Flames lash the orc warrior.
The orc warrior is moderately wounded.
The orc warrior's fire resistance burns away.
The orc warrior hits you with a +0 broad axe!
The orc warrior closely misses you.
Casting: Scorch (safe; 1% risk of failure)
Confirm with . or Enter, or press ? or * to list all spells.
Flames lash the orc warrior.
The orc warrior is almost dead.
The orc warrior's fire resistance burns away.
You hit the orc warrior but do no damage.
The orc warrior is poisoned.
The orc warrior is almost dead.
The orc warrior hits you with a +0 broad axe!!
* * * LOW HITPOINT WARNING * * *
The orc hits you but does no damage. The orc hits you with a +0 hand axe.
* * * LOW HITPOINT WARNING * * *
The orc attacks as you move away! The orc closely misses you.
The orc warrior attacks as you move away!
The orc warrior hits you with a +0 broad axe!
You die...

.......#.......
.......#.....#.
.......#.....#.###.......
.............#..........
...........#.... ......
...........#.... .....#
...........#.... )...#
...........#...=###o..#
..........∩# #.@o#...# .
##.####....######o.o..##...#
#.# #..............>...# #.#
#####.############.# #.# #.#
#.# #.# #.# #.#


You could see an orc warrior (very poisoned, combustible) and 2 orcs.

Vanquished Creatures
  A two-headed ogre (D:9)
  Sigmund (D:6)
  A steam dragon (D:7)
  A water moccasin (D:5)
  2 ice beasts (D:6)
  3 black bears
  An ogre (D:7)
  3 centaurs
  A phantom (D:4)
  2 kobold brigands
  2 necrophages (D:7)
  Blork the orc (D:4)
  2 bullfrogs
  2 scorpions
  3 jellies
  4 killer bees (D:9)
  5 howler monkeys
  A crimson imp (D:5)
  4 hounds
  3 orc priests
  6 iguanas
  An orc wizard (D:4)
  3 gnolls (D:5)
  9 adders
  2 river rats (D:4)
  3 worms
  15 orcs
  5 ball pythons
  7 bats
  3 endoplasms
  7 giant cockroaches
  6 goblins
  7 hobgoblins
  14 kobolds
  3 quokkas
  5 frilled lizards
  8 rats
147 creatures vanquished.

Vanquished Creatures (others)
  517 foxfires
  7 plants
524 creatures vanquished.

Grand Total: 671 creatures vanquished

Notes
Turn   | Place    | Note
-------+----------+-------------------------------------------
     0 | D:1      | Arctor the Deep Elf Fire Elementalist began the quest for
                  | the Orb.
     0 | D:1      | Reached XP level 1. HP: 10/10 MP: 6/6
   513 | D:1      | Reached XP level 2. HP: 14/15 MP: 5/8
  1325 | D:2      | Reached XP level 3. HP: 20/20 MP: 3/9
  1712 | D:2      | Found a faded altar of an unknown god.
  2247 | D:3      | Learned a level 2 spell: Scorch
  2719 | D:3      | Reached XP level 4. HP: 24/24 MP: 8/11
  2960 | D:3      | Found an ornate altar of the Wu Jian Council.
  3393 | D:4      | Reached skill level 1 in Fighting
  3393 | D:4      | Noticed a phantom
  3502 | D:4      | Noticed a black bear
  3508 | D:4      | Killed a black bear
  3509 | D:4      | Reached XP level 5. HP: 29/29 MP: 4/13
  3688 | D:4      | Found a staircase to the Ecumenical Temple.
  3701 | D:4      | Killed a phantom
  3702 | D:4      | Reached XP level 6. HP: 35/35 MP: 4/14
  4117 | D:4      | Noticed Blork the orc
  4122 | D:4      | Killed Blork the orc
  4138 | D:4      | Reached skill level 5 in Spellcasting
  4138 | D:4      | Reached XP level 7. HP: 24/40 MP: 1/16
  4545 | D:4      | Found Irylik's Magic Scroll Shoppe.
  4627 | D:4      | You fall into a shaft and drop 2 floors!
  4694 | D:6      | Noticed Sigmund
  4700 | D:6      | Killed Sigmund
  4701 | D:6      | Reached skill level 5 in Stealth
  4701 | D:6      | Reached skill level 5 in Fire Magic
  5095 | D:6      | Found a shimmering altar of Xom.
  5134 | D:6      | Reached skill level 5 in Dodging
  5134 | D:6      | Reached XP level 8. HP: 45/45 MP: 0/18
  5964 | D:7      | Noticed Grum
  6000 | D:7      | Identified the ring "Nirato" {Fly rF- AC+4 Dex-4 Slay+6}
  6117 | D:7      | Found a large runed translucent door.
  6117 | D:7      | Found a large runed translucent door.
  6776 | D:7      | Found a transporter.
  6861 | D:7      | Found a transporter.
  6863 | D:7      | Identified the +0 scale mail "Engur" {-Tele Fly rN++ SInv}
  6863 | D:7      | Identified the +2 buckler of Wemucyimn {rF+ SInv}
  6930 | D:7      | Noticed mikeweasel's ghost (novice HOMo)
  6982 | D:7      | Found a white marble altar of Elyvilon.
  6986 | D:7      | Reached skill level 5 in Conjurations
  7076 | D:7      | Found a sacrificial altar of Ru.
  7121 | D:5      | Entered Level 5 of the Dungeon
  7137 | D:6      | Reached XP level 9. HP: 39/52 MP: 9/21
  7338 | Temple   | Entered the Ecumenical Temple
  7612 | Temple   | Became a worshipper of Sif Muna the Loreminder
  8004 | D:5      | Found a hazy altar of Hepliaklqana.
  8651 | D:5      | Found a radiant altar of Vehumet.
  8652 | D:5      | Found a burning altar of Makhleb.
  9751 | D:8      | Learned a level 3 spell: Conjure Flame
  9756 | D:8      | Learned a level 4 spell: Flame Wave
  9890 | D:9      | Noticed a two-headed ogre
  9900 | D:9      | Killed a two-headed ogre
  9952 | D:9      | Found Jucsusk's Distillery.
  9990 | D:9      | Slain by an orc warrior

Illustrated notes

Levels and vault maps discovered:
D:1:      ebering_trefoil_twist, layout_basic, nicolae_titane
D:2:      layout_basic, basic_ecumenical_altar
D:3:      layout_basic, nzn_wu_jian_council_hall, corexii_leaking_fountain
D:4:      layout_basic, minmay_temple_entry_drinking_statues, serial_shops,
          nicolae_shop_stone, portal_sewer_entry_c, minmay_small_thing,
          uniq_blork_the_orc
D:5:      layout_rooms, grunt_temple_overflow_lords_of_destruction,
          nicolae_hepliaklqana_hazy_memory, grunt_decor_mini_mirrors,
          moated_statue
D:6:      layout_loops_ring, xom_teletrap_fun, uniq_sigmund
D:7:      layout_basic, jmf_multi_god_temple2, gammafunk_ghost_gnarly_gnolls,
          chequers_serial_rivers_micro_c, serial_park_tiny_1
D:8:      layout_loops_ring, hangedman_decor_peaks_small, uniq_grum
D:9:      layout_basic, old_standard_altar, lemuel_crystal_altar, minitemple,
          serial_shops, shop, nzn_life_drinkers
Temple:   compressed_dpeg_triangle_lava_temple

Skill      XL: |  1  2  3  4  5  6  7  8  9 |
---------------+----------------------------+-----
Stealth        | 3 4 5 6 8 |  8.0
Dodging        | 3 4 5 6 7 |  7.2
Fighting       | 1 2 3 4 |  4.6
Conjurations   | 2 3 4 5 6 |  6.2
Spellcasting   | 4 5 6 8 |  8.1
Fire Magic     | 4 5 6 7 |  7.1

Action                   |  1- 3 |  4- 6 |  7- 9 || total
-------------------------+-------+-------+-------++-------
Melee: Unarmed           |    31 |     5 |     6 ||    42
       Trident           |       |       |   100 ||   100
       Halberd           |       |       |     2 ||     2
 Cast: Foxfire           |   164 |    77 |    77 ||   318
       Scorch            |       |     7 |    78 ||    85
  Use: Scroll            |     6 |     2 |     9 ||    17
 Stab: Sleeping          |       |       |     6 ||     6
Armor: Robe              |    11 |     4 |    33 ||    48
Dodge: Dodged            |    40 |    13 |   102 ||   155
Block: Other             |       |       |     2 ||     2
       Orb               |       |       |    37 ||    37
       Reflection        |       |       |     3 ||     3
